 Dungeon Crawl Stone Soup version 0.27-a0-681-g0c81a3c1c3 (webtiles) character file.

Game seed: 6158806711452723049

2546 night the Grappler (level 9, -4/70 HPs)
             Began as a Yellow Draconian Transmuter on Mar 19, 2021.
             Was a Follower of Sif Muna.
             Slain by an unseen horror (5 damage)
             ... on level 7 of the Dungeon.
             The game lasted 00:20:41 (10115 turns).

night the Grappler (Yellow Draconian Transmuter)   Turns: 10115, Time: 00:20:42

Health: -4/70      AC:  2    Str: 15    XL:     9   Next: 30%
Magic:  16/16      EV: 20    Int: 15    God:    Sif Muna [*.....]
Gold:   415        SH:  0    Dex: 16    Spells: 12/18 levels left

rFire    . . .     SeeInvis .     - Unarmed
rCold    . . .     Faith    .   (shield currently unavailable)
rNeg     . . .     Spirit   .   (armour unavailable)
rPois    x         Reflect  .   (helmet currently unavailable)
rElec    .         Harm     .   (cloak currently unavailable)
rCorr    .         Rampage  .   (gloves currently unavailable)
Will     .....                  (boots currently unavailable)
Stlth    +.........             (no amulet)
HPRegen  0.21/turn              (no ring)
MPRegen  0.15/turn              (no ring)

@: spider-form (expiring)
A: venomous fangs, (spit acid), AC +7, tiny, unfitting armour, (cold-blooded),
(acid resistance), (hooves 1), (stinger 1), wild magic 1
a: End Transformation, Renounce Religion, Channel Magic


You were on level 7 of the Dungeon.
You worshipped Sif Muna.
Sif Muna was aware of your devotion.
You were a venomous arachnid creature.
You visited 2 branches of the dungeon, and saw 8 of its levels.

You collected 415 gold pieces.

Inventory:

Hand Weapons
 b - a +1 hunting sling
Missiles
 e - 223 stones
 h - 65 bolts
 i - 31 poisoned darts (quivered)
 j - 8 curare-tipped darts
 k - 5 atropa-tipped darts
 r - 45 arrows
 v - 22 sling bullets
Armour
 l - a +1 pair of boots (melded)
Wands
 d - a wand of flame (31)
 g - a wand of iceblast (8)
Scrolls
 a - 3 scrolls of identify
 f - a scroll of noise
 m - 2 scrolls of magic mapping
 n - 5 scrolls of enchant weapon
 o - a scroll of teleportation
 s - a scroll of enchant armour
 u - a scroll of summoning
Potions
 c - 3 potions of haste
 p - 2 potions of might
 q - 2 potions of brilliance
 t - a potion of berserk rage {unknown}
 x - a potion of flight {unknown}


   Skills:
 + Level 3.4 Fighting
 + Level 3.3 Dodging
 * Level 9.3 Unarmed Combat
 - Level 5.0 Spellcasting
 + Level 6.4 Transmutations


You had 12 spell levels left.
You knew the following spells:

 Your Spells              Type           Power      Damage    Failure   Level
a - Beastly Appendage     Tmut           60%        N/A       9%          1
b - Wereblood             Tmut           30%        N/A       12%         2
c - Spider Form           Tmut/Pois      8%         N/A       38%         3

Your spell library contained the following spells:

 Spells                   Type           Power      Damage    Failure   Level
 Magic Dart               Conj           16%        1d3       43%         1
 Blade Hands              Tmut           15%        N/A       63%         5
 Ice Form                 Ice/Tmut       17%        N/A       71%         4
 Fulminant Prism          Conj/Hex       2%         3d6       97%         4
 Hailstorm                Conj/Ice       4%         3d4       97%         4
 Fireball                 Conj/Fire      2%         3d4       100%        5


Dungeon Overview and Level Annotations

Branches:
Dungeon (7/15)             Temple (1/1) D:4

Altars:
Ashenzari
Cheibriados
Dithmenos
Elyvilon
Gozag
Hepliaklqana
Nemelex Xobeh
Okawaru
Ru
Sif Muna
Trog
Uskayaw
Vehumet
Wu Jian
Xom
Yredelemnul
Zin
The Shining One


Innate Abilities, Weirdness & Mutations

You are a venomous arachnid creature.
You have poisonous fangs.
You are tiny and dextrous.
Your spellcasting is less reliable in this form.
Your armour is entirely melded.
You are incapable of wielding weapons or throwing items.
((You can spit globs of acid.))
((Your golden yellow scales are hard. (AC +7)))
You cannot fit into any form of body armour.
((You are cold-blooded and may be slowed by cold attacks.))
((You are resistant to acid. (rCorr)))
((You have large cloven feet.))
((Your tail ends in a poisonous barb.))
Your spells are a little harder to cast, but a little more powerful.


Message History

Something hits you.
Casting: Wereblood (safe; 3% risk of failure)
Confirm with . or Enter, or press ? or * to list all spells.
You turn into a venomous arachnid creature.
Your +1 pair of boots melds into your body.
Something hits you. Something hits you. x2
You barely miss something. Something hits you.
You bite something! Something hits you. Something hits you!
You see here a ring of poison resistance.
Something barely misses you.
You see here a ring of poison resistance.
Something barely misses you. Something hits you! Something hits you!
* * * LOW HITPOINT WARNING * * *
You closely miss something. Something hits you.
* * * LOW HITPOINT WARNING * * *
Something barely misses you.
You closely miss something. Something closely misses you.
Something closely misses you. Something closely misses you. Something hits you!
* * * LOW HITPOINT WARNING * * *
Something hits you!
* * * LOW HITPOINT WARNING * * *
You feel better. Something barely misses you. x2
As you read the scroll of summoning, it crumbles to dust.
Wisps of shadow whirl around you... Something hits you.
* * * LOW HITPOINT WARNING * * *
Your transformation is almost over.
Something closely misses you. Something closely misses your orc.
Your orc barely misses something.
Something hits you.
* * * LOW HITPOINT WARNING * * *
Something hits you.
* * * LOW HITPOINT WARNING * * *
Something hits you.
You die...

... .# ..# ##.# #.. #...
<.###..# #...... #..#.# #
####o..# .## #..ooo#
...## #### ####s###.#
.#...###..###....# #..#
.......###....#####.....
.....).....#........#.###
......#[####..###### .#
..⌠.....####...## ..
.......##....#..# #.
.......########.####
......##.# #....#


You could see a friendly orc warrior (summoned), a friendly orc priest
(summoned), a friendly orc wizard (summoned) and a friendly orc (summoned).

Vanquished Creatures
  Grinder (D:4)
  Sigmund (D:4)
  Duvessa (D:5)
  A sky beast (D:7)
  An orc warrior (D:6)
  A black bear (D:6)
  2 ogres (D:4)
  A phantom (D:5)
  4 bullfrogs (D:6)
  A water moccasin zombie (D:5)
  A water moccasin skeleton (D:5)
  Dowan (D:6)
  4 killer bees
  A howler monkey (D:6)
  2 jellies
  A centaur zombie (D:7)
  A hound (D:4)
  A bullfrog skeleton (D:7)
  5 orc priests
  A centaur skeleton (D:4)
  5 orc wizards
  6 worker ants
  A worker ant zombie (D:6)
  7 gnolls
  A howler monkey skeleton (D:4)
  13 adders
  2 shadow imps
  An ufetubus (D:7)
  An ooze (D:3)
  2 adder skeletons
  3 worms
  3 dart slugs
  2 leopard geckos
  15 orcs
  11 giant cockroaches
  8 goblins
  9 hobgoblins
  4 jackals (D:3)
  4 kobolds
  3 quokkas
  A ball python (D:2)
  5 bats
  3 frilled lizards
  2 quokka skeletons (D:4)
  20 rats
164 creatures vanquished.

Vanquished Creatures (others)
  12 fungi (D:2)
  3 toadstools (D:2)
15 creatures vanquished.

Grand Total: 179 creatures vanquished

Notes
Turn   | Place    | Note
-------+----------+-------------------------------------------
     0 | D:1      | night the Draconian Transmuter began the quest for the Orb.
     0 | D:1      | Reached XP level 1. HP: 16/16 MP: 3/3
    94 | D:1      | HP: 2/16 [hobgoblin/+0 club (4)]
   401 | D:1      | Reached XP level 2. HP: 23/23 MP: 5/5
  1323 | D:1      | Learned a level 2 spell: Wereblood
  1512 | D:2      | Reached XP level 3. HP: 27/28 MP: 3/6
  1606 | D:2      | Reached skill level 4 in Unarmed Combat
  1820 | D:2      | Reached XP level 4. HP: 28/35 MP: 5/7
  2146 | D:2      | Found a sparkling altar of Nemelex Xobeh.
  2146 | D:2      | Found a white marble altar of Elyvilon.
  2146 | D:2      | Found a shadowy altar of Dithmenos.
  3169 | D:3      | Reached XP level 5. HP: 26/40 MP: 7/9
  3744 | D:3      | Reached skill level 5 in Unarmed Combat
  4500 | D:4      | Reached XP level 6. HP: 34/47 MP: 8/10
  4699 | D:4      | Found a staircase to the Ecumenical Temple.
  4711 | Temple   | Entered the Ecumenical Temple
  4837 | Temple   | Became a worshipper of Sif Muna the Loreminder
  5033 | D:4      | Noticed Sigmund
  5107 | D:3      | Learned a level 3 spell: Spider Form
  5120 | D:4      | Killed Sigmund
  5121 | D:4      | Reached skill level 6 in Unarmed Combat
  5241 | D:4      | Your scales start taking on a golden yellow colour.
  5241 | D:4      | Reached XP level 7. HP: 30/52 MP: 10/12
  5241 | D:4      | Gained mutation: You are resistant to acid. (rCorr) [Yellow
                  | Draconian growth]
  5415 | D:4      | Noticed Grinder
  5421 | D:4      | Paralysed by Grinder for 2 turns
  5444 | D:4      | Killed Grinder
  5633 | D:4      | Gained mutation: You have large cloven feet. [potion of
                  | mutation]
  5633 | D:4      | Gained mutation: Your spells are a little harder to cast,
                  | but a little more powerful. [potion of mutation]
  5633 | D:4      | Gained mutation: Your tail ends in a poisonous barb.
                  | [potion of mutation]
  5646 | D:5      | Entered Level 5 of the Dungeon
  5957 | D:4      | Reached skill level 7 in Unarmed Combat
  6003 | D:4      | Found a glowing golden altar of the Shining One.
  6386 | D:4      | Reached skill level 5 in Transmutations
  6386 | D:4      | Reached XP level 8. HP: 59/59 MP: 14/14
  6505 | D:4      | Found a hazy altar of Hepliaklqana.
  7233 | D:5      | Reached * piety under Sif Muna
  7235 | D:5      | Reached skill level 8 in Unarmed Combat
  7237 | D:5      | HP: 7/59 [killer bee (2)]
  7238 | D:5      | HP: 3/59 [killer bee (3)]
  7243 | D:5      | Reached skill level 5 in Spellcasting
  7263 | D:4      | HP: 8/59 [poisoned by a killer bee]
  7926 | D:5      | Reached skill level 2 in Dodging
  7952 | D:6      | Noticed Duvessa
  7952 | D:6      | Noticed Dowan
  7957 | D:6      | Killed Dowan
  7964 | D:5      | Killed Duvessa
  8236 | D:6      | Reached skill level 2 in Fighting
  8393 | D:6      | Found a sparkling altar of Nemelex Xobeh.
  8416 | D:6      | Found a snail-covered altar of Cheibriados.
  8419 | D:6      | Found a bloodstained altar of Trog.
  8421 | D:6      | Found an iron altar of Okawaru.
  8421 | D:6      | Found an ornate altar of the Wu Jian Council.
  8609 | D:6      | Reached XP level 9. HP: 68/68 MP: 16/16
  8612 | D:6      | Identified Sif Muna's Incunabulum of Mutagenic
                  | Confrontation
  8996 | D:6      | Reached skill level 9 in Unarmed Combat
  9625 | D:7      | Identified the +2 robe of Vyfifoeg {+Blink rPois}
 10110 | D:7      | HP: 8/70 [something (11)]
 10111 | D:7      | HP: 2/70 [something (7)]
 10115 | D:7      | Slain by an unseen horror

Illustrated notes

Levels and vault maps discovered:
D:1:      mrwooster_arrival_statue_2, layout_basic, minmay_rat_gold_closets
D:2:      layout_loops_ring, gammafunk_temple_overflow_claw,
          serial_park_tiny_pond, minmay_gold_behind_fungi
D:3:      layout_basic, chequers_decorated_corner
D:4:      layout_loops_ring, lemuel_doored_altar, tso_metal_star,
          minmay_temple_entry_junction_2, uniq_sigmund, uniq_grinder
D:5:      layout_loops_ring, minmay_fractal_squares_diagonal_5
D:6:      layout_basic, grunt_temple_overflow_open, corexii_leaking_fountain,
          nemelex_spade_bored_becter, uniq_duvessa
D:7:      minmay_skewed_foursquare, layout_rooms,
          grunt_temple_overflow_growth_and_decay,
          nicolae_qazlal_eye_of_the_storm, serial_shops, shop,
          hangedman_abyss_or_decor_stabs, xom_redecorated
Temple:   nicolae_temple_figure_zero

Skill      XL: |  1  2  3  4  5  6  7  8  9 |
---------------+----------------------------+-----
Unarmed Combat | 4 5 6 7 8 9 |  9.3
Transmutations | 3 4 5 6 |  6.4
Spellcasting   | 3 4 5 |  5.0
Dodging        | 2 3 |  3.3
Fighting       | 2 3 |  3.4

Action                   |  1- 3 |  4- 6 |  7- 9 || total
-------------------------+-------+-------+-------++-------
Melee: Unarmed           |   108 |   221 |   289 ||   618
       Tailslap          |     8 |    15 |    30 ||    53
       Headbutt          |     6 |    14 |     1 ||    21
       Kick              |     8 |    23 |     4 ||    35
       Punch             |     1 |     7 |     6 ||    14
 Fire: Hunting sling     |       |    13 |     3 ||    16
Throw: Dart              |     4 |    21 |    26 ||    51
 Cast: Beastly Appendage |    10 |    17 |     3 ||    30
       Wereblood         |     1 |     1 |     5 ||     7
       Spider Form       |       |     1 |     7 ||     8
 Abil: Breathe Acid      |       |       |     1 ||     1
       End Transformatio |       |       |     1 ||     1
  Use: Scroll            |       |     8 |     3 ||    11
       Potion            |       |       |     6 ||     6
 Stab: Sleeping          |     3 |       |       ||     3
Armor: Skin              |    23 |    62 |    70 ||   155
Dodge: Dodged            |    46 |   135 |   181 ||   362

Table legend: (Time is in decaauts)
 A = Elapsed time spent in this place.
 B = Non-inter-level travel time spent in this place.
 C = Inter-level travel time spent in this place.
 D = Time resting spent in this place.
 E = Time spent auto-exploring this place.
 F = Levels seen in this place.
 G = Mean time per level.
                   A        B        C        D        E       F      G
               +--------+--------+--------+--------+--------+-----+--------+
         Total |  10034 |   9847 |    187 |   2391 |   5931 |   8 | 1254.2 |
       Dungeon |   9895 |   9732 |    163 |   2391 |   5818 |   7 | 1413.6 |
        Temple |    138 |    114 |     24 |      0 |    113 |   1 |  138.0 |
               +--------+--------+--------+--------+--------+-----+--------+

Top non-repeatable levels by time:
     D:4: 2216 daAuts
     D:2: 1868 daAuts
     D:1: 1481 daAuts
     D:5: 1299 daAuts
     D:3: 1145 daAuts
     D:6: 1094 daAuts
     D:7: 790 daAuts
  Temple: 138 daAuts
